 Dungeon Crawl Stone Soup version 0.21-a0-584-g185da8e (webtiles) character file.

1 Amnesiac the Insei (level 1, -1/13 HPs)
             Began as an Octopode Transmuter on Dec 20, 2017.
             Slain by an ooze (5 damage)
             ... on level 2 of the Dungeon.
             The game lasted 00:00:13 (23 turns).

Amnesiac the Insei (Octopode Transmuter)              Turns: 23, Time: 00:00:14

Health: -1/13      AC:  1    Str:  9    XL:     1   Next: 20%
Magic:  3/3        EV: 13    Int: 15    God:
Gold:   0          SH:  0    Dex: 12    Spells: 3/4 levels left

rFire    . . .     SeeInvis .     - Unarmed
rCold    . . .     Gourm    .   (no shield)
rNeg     . . .     Faith    .   (helmet restricted)
rPois    .         Spirit   .   (no amulet)
rElec    .         Reflect  .   (no ring)
rCorr    .         Harm     .   (no ring)
MR       .....                  (no ring)
Stlth    ++........             (no ring)
HPRegen  0.04/turn              (no ring)
MPRegen  0.08/turn              (no ring)
                                (no ring)
                                (no ring)

@: no status effects
A: almost no armour, stealthy swim, amphibious, 8 rings, constrict 8, camouflage
1, gelatinous body 1
a: no special abilities


You were on level 2 of the Dungeon.
You were not hungry.

You visited 1 branch of the dungeon, and saw 2 of its levels.

Inventory:

Missiles
 a - 12 arrows
Books
 b - a book of Changes

   Spells                             Type                      Level
   a - Beastly Appendage              Transmutation                1
   b - Sticks to Snakes               Transmutation                2
   c - Spider Form                    Transmutation/Poison         3
   d - Ice Form                       Ice/Transmutation            4
   e - Blade Hands                    Transmutation                5
Comestibles
 c - a ration


   Skills:
 + Level 1.2 Fighting
 - Level 2.0 Dodging
 - Level 3.0 Unarmed Combat
 - Level 2.0 Spellcasting
 - Level 2.0 Transmutations


You had 3 spell levels left.
You knew the following spells:

 Your Spells              Type           Power        Failure   Level  Hunger
a - Beastly Appendage     Tmut           #.....       10%         1    #......


Dungeon Overview and Level Annotations

Branches:
Dungeon (2/15)

Altars:


Innate Abilities, Weirdness & Mutations

You cannot wear most types of armour.
You are very stealthy in the water. (Stealth+)
You are amphibious.
You can wear up to eight rings at the same time.
You can use your tentacles to constrict eight enemies at once.
Your skin changes colour to match your surroundings (Stealth+).
Your rubbery body absorbs attacks. (AC +1, EV +1)


Message History

Welcome, Amnesiac the Octopode Transmuter.
Will you be the one to retrieve the fabulous Orb of Zot from the depths?
Press ? for a list of commands and other information.
Found 20 stones.
Found a staircase leading out of the dungeon.
A kobold comes into view.
A hobgoblin comes into view. It is wielding a club.
Found a fuming purple potion.
There are monsters nearby!
A rat and a kobold come into view.
The kobold shouts!
The hobgoblin moves out of view.
There are monsters nearby!
Found a stone staircase leading down.
The kobold hits you with a short sword. The rat bites you.
* * * LOW HITPOINT WARNING * * *
The hobgoblin shouts!
The kobold shouts!
You tentacle-slap the kobold. You grab the kobold.
The kobold is severely wounded.
You constrict the kobold.
You kill the kobold!
The rat bites you.
* * * LOW HITPOINT WARNING * * *
You tentacle-slap the rat.
The rat is moderately wounded.
The rat misses you.
Found 10 gold pieces.
Found a scroll labeled CIOMAXK OGUGO.
Found a short sword.
There is a stone staircase leading down here.
The rat misses you.
You climb downwards. 3 frilled lizards, 2 rats, an ooze and a goblin come into view.
Found 21 bolts.
Found an escape hatch in the ceiling and an escape hatch in the floor.
There is a stone staircase leading up here.
You barely miss the rat. You grab the rat.
The rat is moderately wounded.
You constrict the rat, but do no damage.
The frilled lizard hisses angrily.
You tentacle-slap the rat.
You kill the rat!
The frilled lizard hisses angrily.
The ooze quivers.
The goblin shouts!
You barely miss the frilled lizard. The frilled lizard misses you.
The ooze hits you.
You die...

#############
##.....#.....##
##(............#
#.>.............
#...............
#...............
#....lr.<..r....
#...g...lJl.....
#.......@...<...
##..............
##.....#.....##
##########....
####


You could see an ooze, a goblin, 3 frilled lizards and 2 rats.

Vanquished Creatures
  A kobold (D:1)
  A rat (D:2)
2 creatures vanquished.

Notes
Turn   | Place    | Note
-------+----------+-------------------------------------------
     0 | D:1      | Amnesiac the Octopode Transmuter began the quest for the Orb.
     0 | D:1      | Reached XP level 1. HP: 13/13 MP: 3/3
    23 | D:2      | Slain by an ooze

Vault maps used:
D:1:      onia_arrival_pyramid, minmay_misc_feat_square, serial_park_tiny_pond,
          minmay_misc_feat_secret_circle, kennysheep_doodads,
          serial_bayou_pond_b
D:2:      uniq_jessica, uniq_terence

Action                   || total
-------------------------++-------
Melee: Unarmed           ||     5
       Constrict         ||     2
Dodge: Dodged            ||     3

Table legend:
 A = Spawn XP
 B = Non-spawn XP
 C = Spawn XP percentage of total XP
 D = Spawn monster count
 E = Non-spawn monster count
 F = Spawn count percentage of total count
 G = Total turns spent on level
                    A         B        C        D         E        F      G
               +---------+---------+-------+---------+---------+-------+---------
         Total |       0 |       2 |   0.0 |       0 |       2 |   0.0 |    23
               +---------+---------+-------+---------+---------+-------+---------
           D:1 |       0 |       1 |   0.0 |       0 |       1 |   0.0 |    18
           D:2 |       0 |       1 |   0.0 |       0 |       1 |   0.0 |     5
               +---------+---------+-------+---------+---------+-------+---------
